Monsters vs Wolves

Created - Monday, January 05, 2015 at 01:03

Goals
1 2 3 T
Monsters 1 0 0 1
Wolves 5 7 0 12
Shots
1 2 3 T
Monsters 16 1 9 26
Wolves 8 10 11 29

1st period

1. Wolves , Landon Ferraro 4 (Scott Glennie, Daniel Carcillo) at 1:28
2. Wolves , Chris Terry 15 (Jared Boll, Cedric Paquette) at 5:37
3. Wolves , Jared Boll 14 (Kent Huskins, Yannick Weber) at 6:18 (SH)
4. Monsters , Paul Bissonnette 17 (Andrew Joudrey) at 7:21 (PP)
5. Wolves , Yannick Weber 25 (Daniel Carcillo, Scott Glennie) at 10:46 (PP)
6. Wolves , Chris Terry 16 (Jared Boll) at 14:48 (SH)

Penalties :
Aaron Volpatti (CHI) for Fighting (Major) at 4:42, Andrej Nestrasil (LAM) for Fighting (Major) at 4:42, Daniel Carcillo (CHI) for Fighting (Major) at 5:01, Matthew Corrente (LAM) for Fighting (Major) at 5:01, Dane Byers (CHI) for Hooking (Minor) at 5:42, Jared Boll (CHI) for Fighting (Major) at 8:43, Max Friberg (LAM) for Fighting (Major) at 8:43, Farm Player39 (LAM) for Tripping (Minor) at 9:36, Aaron Volpatti (CHI) for Tripping (Minor) at 13:51, Aaron Volpatti (CHI) for Fighting (Major) at 16:19, Matthew Corrente (LAM) for Fighting (Major) at 16:19, Jared Boll (CHI) for Fighting (Major) at 19:58, Justin Mercier (LAM) for Fighting (Major) at 19:58

2nd period

7. Wolves , Scott Glennie 5 (Daniel Carcillo, Yann Sauve) at 1:08
8. Wolves , Corbin McPherson 1 (Aaron Volpatti, Ben Hanowski) at 6:58
9. Wolves , Jared Boll 15 (Chris Terry, Cedric Paquette) at 7:10
10. Wolves , Yannick Weber 26 (Jared Boll, Chris Terry) at 8:12
11. Wolves , Jared Boll 16 (Chris Terry) at 13:41
12. Wolves , Jared Boll 17 (Chris Terry) at 15:17 (SH)
13. Wolves , Jared Boll 18 (Yannick Weber, Chris Terry) at 15:21 (SH)

Penalties :
Farm Player27 (LAM) for Tripping (Minor) at 2:44, Aaron Volpatti (CHI) for Fighting (Major / Game Misconduct) at 7:54, Andrej Nestrasil (LAM) for Fighting (Major) at 7:54, Daniel Carcillo (CHI) for Fighting (Major) at 9:09, Matthew Corrente (LAM) for Fighting (Major / Game Misconduct) at 9:09, Farm Player13 (LAM) for Tripping (Minor) at 9:37, Daniel Carcillo (CHI) for Fighting (Major / Game Misconduct) at 14:51, Andrej Nestrasil (LAM) for Fighting (Major / Game Misconduct) at 14:51, Daniel Carcillo (CHI) for instigated a fight (Minor) at 14:51, Daniel Carcillo (CHI) for instigated a fight (10 Minutes Misconduct) at 14:51

3rd period

No Goal

Penalties :
Farm Player17 (LAM) for High sticking (Minor) at 4:18, Paul Bissonnette (LAM) for Tripping (Minor) at 8:35, Cedric Paquette (CHI) for Spearing (Major / Game Misconduct) at 17:36

Goalie Stats

Farm Player80 (LAM), 17 saves from 25 shots - (0.680), L, 1-31-1, 43:36 minutes
Farm Player100 (LAM), 0 saves from 4 shots - (0.000), 16:24 minutes
Peter Mannino (CHI), 25 saves from 26 shots - (0.962), W, 23-5-2, 60:00 minutes

Players Stats for Monsters

Player Name              G  A  P  +/- PIM S  H  SB GA TA FO     MP     PP MP  PK MP  
------------------------------------------------------------------------------------
Andrej Nestrasil         0  0  0  -1  25  2  0  0  2  1  5/6     8:48   0:48   2:39 
Andrew Joudrey           0  1  1  -7  0   1  1  1  3  1  3/16   19:35   2:51   0:15 
Ben Street               0  0  0  -3  0   13 1  1  6  2  13/21  20:57   4:21   2:14 
Benn Ferriero            0  0  0  -5  0   2  1  1  1  6  0/6    25:24   3:39   6:23 
Brett Hextall            0  0  0  -3  0   1  1  0  3  0  2/2    18:16   4:21   0:00 
Farm Player13            0  0  0  -7  2   0  1  0  0  0  0/0    27:22   5:48   3:57 
Farm Player17            0  0  0  -1  2   0  0  0  0  1  0/0    15:13   1:22   1:45 
Farm Player27            0  0  0  -3  2   0  2  1  0  0  0/0    20:42   2:13   5:50 
Farm Player32            0  0  0  -1  0   0  0  0  0  0  0/0    11:06   0:00   1:14 
Farm Player35            0  0  0  -7  0   1  1  1  0  3  0/0    26:38   5:47   5:17 
Farm Player39            0  0  0  -1  2   1  1  1  0  0  0/0    17:20   0:00   2:40 
Gleason Fournier         0  0  0  -2  0   0  0  1  0  1  0/0    11:36   0:00   0:45 
Justin Mercier           0  0  0  -1  5   1  0  0  1  0  0/0     5:58   0:00   0:50 
Matthew Corrente         0  0  0  -2  25  0  0  1  1  1  0/0     6:03   0:50   0:02 
Max Friberg              0  0  0  -3  5   1  1  2  2  1  0/1    17:07   4:21   0:34 
Paul Bissonnette         1  0  1  -5  2   1  1  0  2  0  0/1    17:23   3:39   0:00 
Raphael Bussieres        0  0  0  -2  0   2  2  0  6  0  0/2    11:26   0:00   0:00 
Tanner Richard           0  0  0  -1  0   0  1  1  0  1  2/4     9:58   0:00   2:10 

Players Stats for Wolves

Player Name              G  A  P  +/- PIM S  H  SB GA TA FO     MP     PP MP  PK MP  
------------------------------------------------------------------------------------
Aaron Volpatti           0  1  1   1  27  0  0  0  0  0  0/0     2:51   0:00   0:00 
Ben Hanowski             0  1  1   1  0   0  1  0  3  1  0/0    11:54   1:11   0:00 
Cedric Paquette          0  2  2   4  15  2  1  0  2  0  14/20  17:23   4:57   0:00 
Chris Terry              2  5  7   8  0   3  0  1  5  0  8/13   23:42   4:57   6:18 
Christian Hanson         0  0  0   1  0   1  0  2  1  1  3/4    17:03   3:36   0:00 
Corbin McPherson         1  0  1   5  0   1  0  3  0  0  0/0    20:31   5:13   2:11 
Dane Byers               0  0  0   0  2   1  2  2  2  1  0/3    14:18   0:00   1:22 
Daniel Carcillo          0  3  3   2  37  1  1  0  2  0  1/2     7:53   1:17   0:13 
Farm Player1             0  0  0   0  0   0  1  0  0  1  0/1    18:09   0:15   1:29 
Jared Boll               5  3  8   8  10  5  2  0  3  0  0/0    19:19   3:17   5:48 
Joel Broda               0  0  0   0  0   0  0  1  0  0  1/4    10:38   0:00   0:50 
Kent Huskins             0  1  1   6  0   0  0  0  0  1  0/0    27:40   3:53   5:49 
Landon Ferraro           1  0  1   2  0   1  1  1  0  1  7/12   16:05   3:54   0:00 
Logan Shaw               0  0  0   0  0   0  0  0  0  0  0/0     8:18   0:00   0:00 
Michael Caruso           0  0  0   0  0   2  0  3  2  0  0/0    11:49   0:00   0:00 
Scott Glennie            1  2  3   2  0   2  2  2  3  3  0/0    16:05   3:54   0:00 
Yann Sauve               0  1  1   5  0   2  2  2  0  1  0/0    20:31   5:13   2:11 
Yannick Weber            2  2  4   6  0   8  0  0  6  0  0/0    27:40   3:53   5:49 

3 Stars

1 - Jared Boll (CHI)
2 - Chris Terry (CHI)
3 - Yannick Weber (CHI)

Power Play

Monsters - 1 on 4 Attempt(s) - 25.00%
Wolves - 1 on 5 Attempt(s) - 20.00%

Penalty Kill

Monsters - 4 on 5 Attempt(s) - 80.00% - Score 0 goal in Penalty Kill
Wolves - 3 on 4 Attempt(s) - 75.00% - Score 4 goal in Penalty Kill

Team Stat

Monsters - Hits : 14 - Faceoff Wins : 25 - Blocked Shots : 11 - Penalty Minutes : 70
Wolves - Hits : 13 - Faceoff Wins : 34 - Blocked Shots : 17 - Penalty Minutes : 91

Official

Referees : Unknown
Linesman : Unknown

Game Notes

Aaron Volpatti beats up Andrej Nestrasil at 4:42 of 1st period
Daniel Carcillo and Matthew Corrente fight to a draw at 5:01 of 1st period
Jared Boll beats up Max Friberg at 8:43 of 1st period
Farm Player100 enters game at 10:46 of 1st period
Aaron Volpatti and Matthew Corrente fight to a draw at 16:19 of 1st period
Justin Mercier beats up Jared Boll at 19:58 of 1st period
Farm Player80 enters game at 7:10 of 2nd period
Aaron Volpatti and Andrej Nestrasil fight to a draw at 7:54 of 2nd period
Aaron Volpatti ejected from game at 7:54 of 2nd period
Daniel Carcillo beats up Matthew Corrente at 9:09 of 2nd period
Matthew Corrente ejected from game at 9:09 of 2nd period
Jared Boll has scored a Hat Trick!
Daniel Carcillo and Andrej Nestrasil fight to a draw at 14:51 of 2nd period
Daniel Carcillo ejected from game at 14:51 of 2nd period
Andrej Nestrasil ejected from game at 14:51 of 2nd period
Cedric Paquette ejected from game at 17:36 of 3rd period

Finance

Level 1 -- Attendance: 1405 (70.25%) -- Ticket Income $49,175
Level 2 -- Attendance: 711 (71.10%) -- Ticket Income $10,665
Total Attendance: 2116 (70.53%)
Total Ticket Income: $59,840
Other Income: $29,322
Total Income: $89,162

Monsters

5 vs 5 Forward 
   Center                   Left Wing                Right Wing               Time % Phy DF OF 
 1 Andrej Nestrasil         Benn Ferriero            Paul Bissonnette         35     1   2  2  
 2 Ben Street               Max Friberg              Brett Hextall            30     1   2  2  
 3 Andrew Joudrey           Raphael Bussieres        Farm Player27            22     1   2  2  
 4 Tanner Richard           Justin Mercier           Benn Ferriero            13     1   2  2  

5 vs 5 Defense 
   Defense                  Defense                                           Time % Phy DF OF 
 1 Matthew Corrente         Farm Player35                                     35     1   2  2  
 2 Farm Player13            Gleason Fournier                                  30     1   2  2  
 3 Farm Player13            Farm Player39                                     22     1   2  2  
 4 Farm Player32            Farm Player17                                     13     1   2  2  

PowerPlay Forward 
   Center                   Left Wing                Right Wing               Time % Phy DF OF 
 1 Andrej Nestrasil         Benn Ferriero            Paul Bissonnette         60     1   2  2  
 2 Ben Street               Max Friberg              Brett Hextall            40     1   2  2  

PowerPlay Defense
   Defense                  Defense                                           Time % Phy DF OF 
 1 Matthew Corrente         Farm Player35                                     60     1   2  2  
 2 Farm Player13            Farm Player27                                     40     1   2  2  

Penalty Kill 4 Players Forward 
   Center                   Wing                     Time % Phy DF OF 
 1 Benn Ferriero            Andrej Nestrasil         60     1   2  2  
 2 Ben Street               Max Friberg              40     1   2  2  

Penalty Kill 4 Players Defense
   Defense                  Defense                  Time % Phy DF OF 
 1 Farm Player27            Farm Player35            60     1   2  2  
 2 Farm Player13            Farm Player39            40     1   2  2  

Penalty Kill - 3 Players Forward 
   Forward                                           Time % Phy DF OF 
 1 Benn Ferriero                                     60     1   2  2  
 2 Andrej Nestrasil                                  40     1   2  2  

Penalty Kill - 3 Players Defense
   Defense                  Defense                  Time % Phy DF OF 
 1 Matthew Corrente         Farm Player35            60     1   2  2  
 2 Farm Player13            Gleason Fournier         40     1   2  2  

4 vs 4 Forward 
   Center                   Wing                     Time % Phy DF OF 
 1 Benn Ferriero            Andrej Nestrasil         60     1   2  2  
 2 Ben Street               Max Friberg              40     1   2  2  

4 vs 4 Defense
   Defense                  Defense                  Time % Phy DF OF 
 1 Farm Player39            Farm Player35            60     1   2  2  
 2 Farm Player13            Matthew Corrente         40     1   2  2  

Last Minutes Offensive
   Center                   Left Wing                Right Wing               Defense                  Defense                  
   Andrej Nestrasil         Benn Ferriero            Paul Bissonnette         Matthew Corrente         Farm Player35            

Last Minutes Defensive
   Center                   Left Wing                Right Wing               Defense                  Defense                  
   Andrej Nestrasil         Benn Ferriero            Paul Bissonnette         Matthew Corrente         Farm Player35            

Goaltenders
Starting : Farm Player80            
Backup : Farm Player100           

Extra Forwards
Normal : Andrew Joudrey, Raphael Bussieres, Tanner Richard - PP : Andrew Joudrey, Raphael Bussieres - PK : Tanner Richard
Extra Defensemen
Normal : Farm Player35, Farm Player39, Farm Player27 - PP : Farm Player13 - PK : Farm Player39, Farm Player27
Penalty Shots
Benn Ferriero, Andrej Nestrasil, Ben Street, Max Friberg, Paul Bissonnette

Wolves

5 vs 5 Forward 
   Center                   Left Wing                Right Wing               Time % Phy DF OF 
 1 Cedric Paquette          Chris Terry              Jared Boll               35     1   2  2  
 2 Landon Ferraro           Daniel Carcillo          Scott Glennie            30     1   2  2  
 3 Christian Hanson         Aaron Volpatti           Ben Hanowski             22     1   2  2  
 4 Joel Broda               Dane Byers               Logan Shaw               13     1   2  2  

5 vs 5 Defense 
   Defense                  Defense                                           Time % Phy DF OF 
 1 Kent Huskins             Yannick Weber                                     35     1   2  2  
 2 Corbin McPherson         Yann Sauve                                        30     1   2  2  
 3 Michael Caruso           Farm Player1                                      22     1   2  2  
 4 Kent Huskins             Yannick Weber                                     13     1   2  2  

PowerPlay Forward 
   Center                   Left Wing                Right Wing               Time % Phy DF OF 
 1 Cedric Paquette          Chris Terry              Jared Boll               60     1   2  2  
 2 Landon Ferraro           Daniel Carcillo          Scott Glennie            40     1   2  2  

PowerPlay Defense
   Defense                  Defense                                           Time % Phy DF OF 
 1 Kent Huskins             Yannick Weber                                     60     1   2  2  
 2 Corbin McPherson         Yann Sauve                                        40     1   2  2  

Penalty Kill 4 Players Forward 
   Center                   Wing                     Time % Phy DF OF 
 1 Chris Terry              Jared Boll               60     1   2  2  
 2 Daniel Carcillo          Aaron Volpatti           40     1   2  2  

Penalty Kill 4 Players Defense
   Defense                  Defense                  Time % Phy DF OF 
 1 Kent Huskins             Yannick Weber            60     1   2  2  
 2 Corbin McPherson         Yann Sauve               40     1   2  2  

Penalty Kill - 3 Players Forward 
   Forward                                           Time % Phy DF OF 
 1 Chris Terry                                       60     1   2  2  
 2 Jared Boll                                        40     1   2  2  

Penalty Kill - 3 Players Defense
   Defense                  Defense                  Time % Phy DF OF 
 1 Kent Huskins             Yannick Weber            60     1   2  2  
 2 Corbin McPherson         Yann Sauve               40     1   2  2  

4 vs 4 Forward 
   Center                   Wing                     Time % Phy DF OF 
 1 Chris Terry              Jared Boll               60     1   2  2  
 2 Daniel Carcillo          Aaron Volpatti           40     1   2  2  

4 vs 4 Defense
   Defense                  Defense                  Time % Phy DF OF 
 1 Kent Huskins             Yannick Weber            60     1   2  2  
 2 Corbin McPherson         Yann Sauve               40     1   2  2  

Last Minutes Offensive
   Center                   Left Wing                Right Wing               Defense                  Defense                  
   Cedric Paquette          Chris Terry              Jared Boll               Kent Huskins             Yannick Weber            

Last Minutes Defensive
   Center                   Left Wing                Right Wing               Defense                  Defense                  
   Cedric Paquette          Chris Terry              Jared Boll               Kent Huskins             Yannick Weber            

Goaltenders
Starting : Peter Mannino            
Backup : Scott Wedgewood          

Extra Forwards
Normal : Christian Hanson, Ben Hanowski, Dane Byers - PP : Christian Hanson, Ben Hanowski - PK : Dane Byers
Extra Defensemen
Normal : Michael Caruso, Farm Player1, Corbin McPherson - PP : Michael Caruso - PK : Farm Player1, Corbin McPherson
Penalty Shots
Chris Terry, Jared Boll, Daniel Carcillo, Aaron Volpatti, Cedric Paquette

% Time on Ice - Monsters

Lines # - Real PCT - Wanted PCT - Time Play
Normal Forward
1 - 37% - 35% - 15:54
2 - 33% - 30% - 14:20
3 - 21% - 22% - 8:59
4 - 9% - 13% - 3:41
Normal Defense
1 - 45% - 35% - 19:11
2 - 30% - 30% - 12:53
3 - 10% - 22% - 4:25
4 - 15% - 13% - 6:25
PP Forward
1 - 46% - 60% - 3:39
2 - 54% - 40% - 4:21
PP Defense
1 - 86% - 60% - 6:51
2 - 14% - 40% - 1:09
PK Forward
1 - 94% - 60% - 8:32
2 - 6% - 40% - 0:34
PK Defense
1 - 71% - 60% - 6:26
2 - 29% - 40% - 2:40
PK3 Forward
1 - 0% - 60%
2 - 0% - 40%
PK3 Defense
1 - 0% - 60%
2 - 0% - 40%
44 Forward
1 - 0% - 60%
2 - 0% - 40%
44 Defense
1 - 0% - 60%
2 - 0% - 40%
Last Minute Offensive  - 0:00
Last Minute Defensive  - 0:00
Total
Forward - 60:00
Defense - 60:00

% Time on Ice - Wolves

Lines # - Real PCT - Wanted PCT - Time Play
Normal Forward
1 - 30% - 35% - 12:52
2 - 33% - 30% - 13:59
3 - 18% - 22% - 7:45
4 - 19% - 13% - 8:18
Normal Defense
1 - 35% - 35% - 14:52
2 - 31% - 30% - 13:07
3 - 28% - 22% - 11:49
4 - 7% - 13% - 3:06
PP Forward
1 - 55% - 60% - 5:00
2 - 45% - 40% - 4:06
PP Defense
1 - 43% - 60% - 3:53
2 - 57% - 40% - 5:13
PK Forward
1 - 79% - 60% - 6:18
2 - 21% - 40% - 1:42
PK Defense
1 - 73% - 60% - 5:49
2 - 27% - 40% - 2:11
PK3 Forward
1 - 0% - 60%
2 - 0% - 40%
PK3 Defense
1 - 0% - 60%
2 - 0% - 40%
44 Forward
1 - 0% - 60%
2 - 0% - 40%
44 Defense
1 - 0% - 60%
2 - 0% - 40%
Last Minute Offensive  - 0:00
Last Minute Defensive  - 0:00
Total
Forward - 60:00
Defense - 60:00

Play by Play

1st period


0:01 of 1st period - Andrej Nestrasil wins face-off versus Cedric Paquette in neutral zone.
0:07 of 1st period - Icing by Kent Huskins.
0:08 of 1st period - Andrej Nestrasil wins face-off versus Cedric Paquette in Wolves zone.
0:34 of 1st period - Slapshot by Yannick Weber.
0:34 of 1st period - Shot Blocked by Matthew Corrente.
0:38 of 1st period - Slapshot by Jared Boll.
0:38 of 1st period - Shot Misses the Net.
1:16 of 1st period - Icing by Scott Glennie.
1:17 of 1st period - Ben Street wins face-off versus Landon Ferraro in Wolves zone.
1:26 of 1st period - Snap shot by Scott Glennie.
1:26 of 1st period - Shot Misses the Net.
1:28 of 1st period - Wrist shot by Landon Ferraro.
1:28 of 1st period - Goal by Landon Ferraro - Monsters : 0 - Wolves : 1.
1:29 of 1st period - Christian Hanson wins face-off versus Andrew Joudrey in neutral zone.
1:58 of 1st period - Snap shot by Raphael Bussieres.
1:58 of 1st period - Shot Misses the Net.
3:46 of 1st period - Chris Terry is hit by Farm Player13 and loses puck.
4:12 of 1st period - Raphael Bussieres is hit by Jared Boll and loses puck.
4:29 of 1st period - Snap shot by Paul Bissonnette.
4:29 of 1st period - Shot Blocked by Michael Caruso.
4:31 of 1st period - Wrist shot by Paul Bissonnette.
4:31 of 1st period - Shot Misses the Net.
4:41 of 1st period - Snap shot by Paul Bissonnette.
4:41 of 1st period - Shot Misses the Net.
4:42 of 1st period - Aaron Volpatti beats up Andrej Nestrasil.
4:42 of 1st period - Penalty to Aaron Volpatti for Fighting.
4:42 of 1st period - Penalty to Andrej Nestrasil for Fighting.
4:43 of 1st period - Ben Street wins face-off versus Landon Ferraro in Wolves zone.
4:50 of 1st period - Wrist shot by Ben Street.
4:50 of 1st period - Shot Misses the Net.
4:52 of 1st period - Slapshot by Farm Player35.
4:52 of 1st period - Stopped by Peter Mannino with a rebound.
4:54 of 1st period - Wrist shot by Ben Street.
4:54 of 1st period - Shot Misses the Net.
4:56 of 1st period - Snap shot by Ben Street.
4:56 of 1st period - Stopped by Peter Mannino with a rebound.
4:58 of 1st period - Slapshot by Max Friberg.
4:58 of 1st period - Stopped by Peter Mannino with a rebound.
5:01 of 1st period - Daniel Carcillo and Matthew Corrente fight to a draw.
5:01 of 1st period - Penalty to Daniel Carcillo for Fighting.
5:01 of 1st period - Penalty to Matthew Corrente for Fighting.
5:02 of 1st period - Andrew Joudrey wins face-off versus Cedric Paquette in Wolves zone.
5:35 of 1st period - Snap shot by Cedric Paquette.
5:35 of 1st period - Stopped by Farm Player80 with a rebound.
5:37 of 1st period - Wrist shot by Jared Boll.
5:37 of 1st period - Deflect By Chris Terry.
5:37 of 1st period - Goal by Chris Terry - Monsters : 0 - Wolves : 2.
5:38 of 1st period - Ben Street wins face-off versus Dane Byers in neutral zone.
5:42 of 1st period - Minor Penalty to Dane Byers for Hooking.
5:43 of 1st period - Chris Terry wins face-off versus Andrew Joudrey in Wolves zone.
6:16 of 1st period - Wrist shot by Jared Boll.
6:16 of 1st period - Shot Blocked by Andrew Joudrey.
6:18 of 1st period - Slapshot by Kent Huskins.
6:18 of 1st period - Deflect By Jared Boll.
6:18 of 1st period - Goal by Jared Boll - Monsters : 0 - Wolves : 3.
6:19 of 1st period - Ben Street wins face-off versus Chris Terry in neutral zone.
6:32 of 1st period - Snap shot by Ben Street.
6:32 of 1st period - Stopped by Peter Mannino with a rebound.
6:34 of 1st period - Wrist shot by Ben Street.
6:34 of 1st period - Stopped by Peter Mannino without a rebound.
6:35 of 1st period - Ben Street wins face-off versus Chris Terry in Wolves zone.
7:21 of 1st period - Snap shot by Paul Bissonnette.
7:21 of 1st period - Goal by Paul Bissonnette - Monsters : 1 - Wolves : 3.
7:22 of 1st period - Landon Ferraro wins face-off versus Andrew Joudrey in neutral zone.
7:24 of 1st period - Off-side.
7:25 of 1st period - Landon Ferraro wins face-off versus Andrew Joudrey in neutral zone.
7:57 of 1st period - Slapshot by Landon Ferraro.
7:57 of 1st period - Shot Misses the Net.
7:59 of 1st period - Wrist shot by Landon Ferraro.
7:59 of 1st period - Shot Misses the Net.
8:01 of 1st period - Slapshot by Yann Sauve.
8:01 of 1st period - Stopped by Farm Player80 with a rebound.
8:03 of 1st period - Snap shot by Corbin McPherson.
8:03 of 1st period - Shot Blocked by Gleason Fournier.
8:27 of 1st period - Ben Street is hit by Jared Boll and loses puck.
8:43 of 1st period - Jared Boll beats up Max Friberg.
8:43 of 1st period - Penalty to Jared Boll for Fighting.
8:43 of 1st period - Penalty to Max Friberg for Fighting.
8:44 of 1st period - Ben Street wins face-off versus Dane Byers in Monsters zone.
9:36 of 1st period - Minor Penalty to Farm Player39 for Tripping.
9:37 of 1st period - Cedric Paquette wins face-off versus Benn Ferriero in Monsters zone.
9:42 of 1st period - Penalty to Andrej Nestrasil is over, Andrej Nestrasil is back on ice.
10:01 of 1st period - Penalty to Matthew Corrente is over, Matthew Corrente is back on ice.
10:09 of 1st period - Snap shot by Chris Terry.
10:09 of 1st period - Stopped by Farm Player80 with a rebound.
10:29 of 1st period - Andrej Nestrasil is hit by Landon Ferraro and loses puck.
10:46 of 1st period - Slapshot by Yannick Weber.
10:46 of 1st period - Goal by Yannick Weber - Monsters : 1 - Wolves : 4.
10:46 of 1st period - Farm Player100 enters game.
10:47 of 1st period - Ben Street wins face-off versus Joel Broda in neutral zone.
10:54 of 1st period - Wrist shot by Ben Street.
10:54 of 1st period - Shot Blocked by Joel Broda.
10:56 of 1st period - Backhand shot by Andrew Joudrey.
10:56 of 1st period - Shot Misses the Net.
10:58 of 1st period - Backhand shot by Ben Street.
10:58 of 1st period - Stopped by Peter Mannino without a rebound.
10:59 of 1st period - Brett Hextall wins face-off versus Joel Broda in Wolves zone.
11:58 of 1st period - Wrist shot by Tanner Richard.
11:58 of 1st period - Deflect By Justin Mercier.
11:58 of 1st period - Stopped by Peter Mannino without a rebound.
11:59 of 1st period - Cedric Paquette wins face-off versus Andrew Joudrey in Wolves zone.
12:41 of 1st period - Matthew Corrente is hit by Scott Glennie and loses puck.
13:38 of 1st period - Slapshot by Ben Street.
13:38 of 1st period - Shot Blocked by Corbin McPherson.
13:40 of 1st period - Snap shot by Ben Street.
13:40 of 1st period - Stopped by Peter Mannino with a rebound.
13:51 of 1st period - Minor Penalty to Aaron Volpatti for Tripping.
13:52 of 1st period - Chris Terry wins face-off versus Ben Street in Wolves zone.
14:36 of 1st period - Wrist shot by Andrej Nestrasil.
14:36 of 1st period - Stopped by Peter Mannino with a rebound.
14:38 of 1st period - Snap shot by Andrej Nestrasil.
14:38 of 1st period - Stopped by Peter Mannino without a rebound.
14:39 of 1st period - Chris Terry wins face-off versus Andrej Nestrasil in Wolves zone.
14:48 of 1st period - Wrist shot by Chris Terry.
14:48 of 1st period - Goal by Chris Terry - Monsters : 1 - Wolves : 5.
14:49 of 1st period - Ben Street wins face-off versus Chris Terry in neutral zone.
14:55 of 1st period - Off-side.
14:56 of 1st period - Chris Terry wins face-off versus Ben Street in neutral zone.
15:25 of 1st period - Wrist shot by Ben Street.
15:25 of 1st period - Stopped by Peter Mannino with a rebound.
15:27 of 1st period - Slapshot by Ben Street.
15:27 of 1st period - Stopped by Peter Mannino without a rebound.
15:28 of 1st period - Andrej Nestrasil wins face-off versus Daniel Carcillo in Wolves zone.
15:31 of 1st period - Slapshot by Paul Bissonnette.
15:31 of 1st period - Deflect By Benn Ferriero.
15:31 of 1st period - Shot Blocked by Dane Byers.
15:31 of 1st period - Puck is out of play.
15:32 of 1st period - Daniel Carcillo wins face-off versus Benn Ferriero in Wolves zone.
15:51 of 1st period - Penalty to Aaron Volpatti is over, Aaron Volpatti is back on ice.
16:05 of 1st period - Snap shot by Andrej Nestrasil.
16:05 of 1st period - Shot Misses the Net.
16:07 of 1st period - Slapshot by Farm Player13.
16:07 of 1st period - Shot Blocked by Dane Byers.
16:09 of 1st period - Snap shot by Benn Ferriero.
16:09 of 1st period - Stopped by Peter Mannino without a rebound.
16:10 of 1st period - Christian Hanson wins face-off versus Ben Street in Wolves zone.
16:10 of 1st period - Christian Hanson is hit by Farm Player35.
16:19 of 1st period - Aaron Volpatti and Matthew Corrente fight to a draw.
16:19 of 1st period - Penalty to Aaron Volpatti for Fighting.
16:19 of 1st period - Penalty to Matthew Corrente for Fighting.
16:20 of 1st period - Andrew Joudrey wins face-off versus Landon Ferraro in Monsters zone.
16:45 of 1st period - Wrist shot by Raphael Bussieres.
16:45 of 1st period - Stopped by Peter Mannino with a rebound.
16:47 of 1st period - Slapshot by Raphael Bussieres.
16:47 of 1st period - Stopped by Peter Mannino with a rebound.
17:34 of 1st period - Wrist shot by Cedric Paquette.
17:34 of 1st period - Shot Misses the Net.
18:01 of 1st period - Ben Hanowski is hit by Benn Ferriero and loses puck.
18:14 of 1st period - Snap shot by Brett Hextall.
18:14 of 1st period - Shot Blocked by Michael Caruso.
18:16 of 1st period - Slapshot by Ben Street.
18:16 of 1st period - Deflect By Brett Hextall.
18:16 of 1st period - Shot Misses the Net.
18:16 of 1st period - Puck is out of play.
18:17 of 1st period - Ben Street wins face-off versus Joel Broda in Wolves zone.
18:24 of 1st period - Snap shot by Ben Street.
18:24 of 1st period - Shot Misses the Net.
18:26 of 1st period - Wrist shot by Ben Street.
18:26 of 1st period - Shot Blocked by Corbin McPherson.
19:57 of 1st period - Wrist shot by Justin Mercier.
19:57 of 1st period - Deflect By Benn Ferriero.
19:57 of 1st period - Shot Blocked by Scott Glennie.
19:57 of 1st period - Puck is out of play.
19:58 of 1st period - Tanner Richard wins face-off versus Cedric Paquette in Wolves zone.
19:58 of 1st period - Justin Mercier beats up Jared Boll.
19:58 of 1st period - Penalty to Jared Boll for Fighting.
19:58 of 1st period - Penalty to Justin Mercier for Fighting.
19:59 of 1st period - Cedric Paquette wins face-off versus Ben Street in Wolves zone.
Goals for this period are 1 for Monsters vs 5 for Wolves.
Shots for this period are 16 for Monsters vs 8 for Wolves.

2nd period


0:01 of 2nd period - Andrej Nestrasil wins face-off versus Cedric Paquette in neutral zone.
0:54 of 2nd period - Kent Huskins is hit by Farm Player39 and loses puck.
1:01 of 2nd period - Raphael Bussieres is hit by Daniel Carcillo and loses puck.
1:08 of 2nd period - Backhand shot by Scott Glennie.
1:08 of 2nd period - Goal by Scott Glennie - Monsters : 1 - Wolves : 6.
1:09 of 2nd period - Ben Street wins face-off versus Landon Ferraro in neutral zone.
2:44 of 2nd period - Minor Penalty to Farm Player27 for Tripping.
2:45 of 2nd period - Cedric Paquette wins face-off versus Benn Ferriero in Monsters zone.
3:52 of 2nd period - Benn Ferriero is hit by Yann Sauve and loses puck.
4:11 of 2nd period - Slapshot by Daniel Carcillo.
4:11 of 2nd period - Shot Blocked by Farm Player35.
4:13 of 2nd period - Snap shot by Daniel Carcillo.
4:13 of 2nd period - Shot Misses the Net.
4:15 of 2nd period - Slapshot by Yannick Weber.
4:15 of 2nd period - Shot Blocked by Ben Street.
4:44 of 2nd period - Penalty to Farm Player27 is over, Farm Player27 is back on ice.
5:19 of 2nd period - Wrist shot by Raphael Bussieres.
5:19 of 2nd period - Shot Hit the Post.
5:45 of 2nd period - Benn Ferriero is hit by Dane Byers and loses puck.
5:57 of 2nd period - Logan Shaw is hit by Tanner Richard and loses puck.
6:12 of 2nd period - Snap shot by Ben Street.
6:12 of 2nd period - Shot Blocked by Michael Caruso.
6:14 of 2nd period - Snap shot by Ben Street.
6:14 of 2nd period - Shot Misses the Net.
6:56 of 2nd period - Wrist shot by Aaron Volpatti.
6:56 of 2nd period - Shot Misses the Net.
6:58 of 2nd period - Slapshot by Corbin McPherson.
6:58 of 2nd period - Goal by Corbin McPherson - Monsters : 1 - Wolves : 7.
6:59 of 2nd period - Cedric Paquette wins face-off versus Ben Street in neutral zone.
7:10 of 2nd period - Snap shot by Jared Boll.
7:10 of 2nd period - Goal by Jared Boll - Monsters : 1 - Wolves : 8.
7:10 of 2nd period - Farm Player80 enters game.
7:11 of 2nd period - Cedric Paquette wins face-off versus Ben Street in neutral zone.
7:39 of 2nd period - Snap shot by Chris Terry.
7:39 of 2nd period - Deflect By Jared Boll.
7:39 of 2nd period - Shot Misses the Net.
7:39 of 2nd period - Puck is out of play.
7:40 of 2nd period - Andrej Nestrasil wins face-off versus Christian Hanson in Monsters zone.
7:54 of 2nd period - Aaron Volpatti and Andrej Nestrasil fight to a draw.
7:54 of 2nd period - Penalty to Aaron Volpatti for Fighting.
7:54 of 2nd period - Aaron Volpatti is ejected from game.
7:54 of 2nd period - Penalty to Andrej Nestrasil for Fighting.
7:55 of 2nd period - Cedric Paquette wins face-off versus Andrew Joudrey in neutral zone.
8:12 of 2nd period - Slapshot by Yannick Weber.
8:12 of 2nd period - Goal by Yannick Weber - Monsters : 1 - Wolves : 9.
8:13 of 2nd period - Cedric Paquette wins face-off versus Andrew Joudrey in neutral zone.
9:03 of 2nd period - Icing by Daniel Carcillo.
9:04 of 2nd period - Landon Ferraro wins face-off versus Max Friberg in Wolves zone.
9:09 of 2nd period - Slapshot by Yannick Weber.
9:09 of 2nd period - Stopped by Farm Player80 without a rebound.
9:09 of 2nd period - Daniel Carcillo beats up Matthew Corrente.
9:09 of 2nd period - Penalty to Daniel Carcillo for Fighting.
9:09 of 2nd period - Penalty to Matthew Corrente for Fighting.
9:09 of 2nd period - Matthew Corrente is ejected from game.
9:10 of 2nd period - Ben Street wins face-off versus Landon Ferraro in Monsters zone.
9:15 of 2nd period - Landon Ferraro is hit by Brett Hextall and loses puck.
9:37 of 2nd period - Minor Penalty to Farm Player13 for Tripping.
9:38 of 2nd period - Cedric Paquette wins face-off versus Benn Ferriero in Monsters zone.
9:39 of 2nd period - Wrist shot by Chris Terry.
9:39 of 2nd period - Shot Blocked by Farm Player27.
9:48 of 2nd period - Off-side.
9:49 of 2nd period - Cedric Paquette wins face-off versus Benn Ferriero in neutral zone.
11:00 of 2nd period - Slapshot by Farm Player27.
11:00 of 2nd period - Shot Blocked by Landon Ferraro.
11:04 of 2nd period - Wrist shot by Farm Player17.
11:04 of 2nd period - Shot Blocked by Scott Glennie.
11:08 of 2nd period - Slapshot by Farm Player17.
11:08 of 2nd period - Shot Misses the Net.
11:10 of 2nd period - Slapshot by Farm Player39.
11:10 of 2nd period - Deflect By Yannick Weber.
11:10 of 2nd period - Stopped by Peter Mannino with a rebound.
11:37 of 2nd period - Penalty to Farm Player13 is over, Farm Player13 is back on ice.
11:50 of 2nd period - Logan Shaw is hit by Farm Player27 and loses puck.
11:59 of 2nd period - Slapshot by Dane Byers.
11:59 of 2nd period - Shot Hit the Post.
12:05 of 2nd period - Logan Shaw is hit by Ben Street.
13:28 of 2nd period - Justin Mercier is hit by Scott Glennie and loses puck.
13:41 of 2nd period - Wrist shot by Jared Boll.
13:41 of 2nd period - Goal by Jared Boll - Monsters : 1 - Wolves : 10.
13:42 of 2nd period - Chris Terry wins face-off versus Ben Street in neutral zone.
14:37 of 2nd period - Benn Ferriero is hit by Farm Player1 and loses puck.
14:48 of 2nd period - Wrist shot by Daniel Carcillo.
14:48 of 2nd period - Stopped by Farm Player80 with a rebound.
14:51 of 2nd period - Daniel Carcillo and Andrej Nestrasil fight to a draw.
14:51 of 2nd period - Penalty to Daniel Carcillo for Fighting.
14:51 of 2nd period - Daniel Carcillo is ejected from game.
14:51 of 2nd period - Penalty to Andrej Nestrasil for Fighting.
14:51 of 2nd period - Andrej Nestrasil is ejected from game.
14:51 of 2nd period - Penalty to Daniel Carcillo for instigated a fight.
14:51 of 2nd period - Penalty to Daniel Carcillo for instigated a fight.
14:52 of 2nd period - Brett Hextall wins face-off versus Chris Terry in Monsters zone.
15:17 of 2nd period - Snap shot by Jared Boll.
15:17 of 2nd period - Goal by Jared Boll - Monsters : 1 - Wolves : 11.
15:18 of 2nd period - Chris Terry wins face-off versus Andrew Joudrey in neutral zone.
15:21 of 2nd period - Slapshot by Yannick Weber.
15:21 of 2nd period - Deflect By Jared Boll.
15:21 of 2nd period - Goal by Jared Boll - Monsters : 1 - Wolves : 12.
15:22 of 2nd period - Andrew Joudrey wins face-off versus Chris Terry in neutral zone.
16:51 of 2nd period - Penalty to Daniel Carcillo is over, Ben Hanowski is send on ice.
17:11 of 2nd period - Benn Ferriero is hit by Yann Sauve and loses puck.
17:34 of 2nd period - Yann Sauve is hit by Raphael Bussieres and loses puck.
18:04 of 2nd period - Wrist shot by Max Friberg.
18:04 of 2nd period - Shot Misses the Net.
18:28 of 2nd period - Slapshot by Yannick Weber.
18:28 of 2nd period - Stopped by Farm Player80 with a rebound.
18:46 of 2nd period - Wrist shot by Scott Glennie.
18:46 of 2nd period - Shot Misses the Net.
Goals for this period are 0 for Monsters vs 7 for Wolves.
Shots for this period are 1 for Monsters vs 10 for Wolves.

3rd period


0:01 of 3rd period - Cedric Paquette wins face-off versus Paul Bissonnette in neutral zone.
0:27 of 3rd period - Snap shot by Yannick Weber.
0:27 of 3rd period - Deflect By Benn Ferriero.
0:27 of 3rd period - Stopped by Farm Player80 without a rebound.
0:28 of 3rd period - Ben Street wins face-off versus Dane Byers in Monsters zone.
0:43 of 3rd period - Snap shot by Ben Street.
0:43 of 3rd period - Shot Blocked by Corbin McPherson.
0:47 of 3rd period - Snap shot by Ben Street.
0:47 of 3rd period - Stopped by Peter Mannino with a rebound.
0:51 of 3rd period - Wrist shot by Ben Street.
0:51 of 3rd period - Shot Blocked by Yann Sauve.
0:53 of 3rd period - Wrist shot by Brett Hextall.
0:53 of 3rd period - Stopped by Peter Mannino without a rebound.
0:54 of 3rd period - Landon Ferraro wins face-off versus Andrew Joudrey in Wolves zone.
1:28 of 3rd period - Slapshot by Andrew Joudrey.
1:28 of 3rd period - Shot Hit the Post.
2:47 of 3rd period - Max Friberg is hit by Dane Byers and loses puck.
3:02 of 3rd period - Snap shot by Dane Byers.
3:02 of 3rd period - Shot Blocked by Max Friberg.
3:55 of 3rd period - Landon Ferraro is hit by Paul Bissonnette and loses puck.
4:14 of 3rd period - Slapshot by Yannick Weber.
4:14 of 3rd period - Shot Misses the Net.
4:16 of 3rd period - Snap shot by Chris Terry.
4:16 of 3rd period - Shot Blocked by Tanner Richard.
4:18 of 3rd period - Minor Penalty to Farm Player17 for High sticking.
4:19 of 3rd period - Cedric Paquette wins face-off versus Tanner Richard in Monsters zone.
6:14 of 3rd period - Farm Player39 is hit by Ben Hanowski and loses puck.
6:18 of 3rd period - Penalty to Farm Player17 is over, Farm Player17 is back on ice.
7:25 of 3rd period - Snap shot by Ben Hanowski.
7:25 of 3rd period - Shot Blocked by Farm Player39.
7:32 of 3rd period - Snap shot by Christian Hanson.
7:32 of 3rd period - Stopped by Farm Player80 with a rebound.
8:35 of 3rd period - Minor Penalty to Paul Bissonnette for Tripping.
8:36 of 3rd period - Cedric Paquette wins face-off versus Benn Ferriero in Monsters zone.
8:37 of 3rd period - Slapshot by Yannick Weber.
8:37 of 3rd period - Stopped by Farm Player80 with a rebound.
8:39 of 3rd period - Snap shot by Cedric Paquette.
8:39 of 3rd period - Shot Blocked by Benn Ferriero.
8:41 of 3rd period - Slapshot by Yannick Weber.
8:41 of 3rd period - Stopped by Farm Player80 with a rebound.
8:43 of 3rd period - Slapshot by Yannick Weber.
8:43 of 3rd period - Stopped by Farm Player80 with a rebound.
8:45 of 3rd period - Wrist shot by Cedric Paquette.
8:45 of 3rd period - Stopped by Farm Player80 with a rebound.
8:47 of 3rd period - Wrist shot by Cedric Paquette.
8:47 of 3rd period - Shot Misses the Net.
9:51 of 3rd period - 10 Minutes Misconduct Penalty to Daniel Carcillo is over.
10:35 of 3rd period - Penalty to Paul Bissonnette is over, Paul Bissonnette is back on ice.
11:32 of 3rd period - Icing by Dane Byers.
11:33 of 3rd period - Joel Broda wins face-off versus Andrew Joudrey in Wolves zone.
12:07 of 3rd period - Christian Hanson is hit by Andrew Joudrey and loses puck.
12:19 of 3rd period - Wrist shot by Dane Byers.
12:19 of 3rd period - Shot Blocked by Max Friberg.
13:03 of 3rd period - Raphael Bussieres is hit by Cedric Paquette and loses puck.
13:30 of 3rd period - Yannick Weber is hit by Raphael Bussieres and loses puck.
13:35 of 3rd period - Slapshot by Raphael Bussieres.
13:35 of 3rd period - Shot Blocked by Christian Hanson.
13:37 of 3rd period - Slapshot by Benn Ferriero.
13:37 of 3rd period - Stopped by Peter Mannino without a rebound.
13:38 of 3rd period - Christian Hanson wins face-off versus Raphael Bussieres in Wolves zone.
13:57 of 3rd period - Backhand shot by Dane Byers.
13:57 of 3rd period - Shot Misses the Net.
13:59 of 3rd period - Snap shot by Michael Caruso.
13:59 of 3rd period - Stopped by Farm Player80 with a rebound.
14:01 of 3rd period - Slapshot by Michael Caruso.
14:01 of 3rd period - Stopped by Farm Player80 with a rebound.
14:03 of 3rd period - Snap shot by Landon Ferraro.
14:03 of 3rd period - Deflect By Scott Glennie.
14:03 of 3rd period - Stopped by Farm Player80 without a rebound.
14:04 of 3rd period - Landon Ferraro wins face-off versus Tanner Richard in Monsters zone.
14:47 of 3rd period - Off-side.
14:48 of 3rd period - Tanner Richard wins face-off versus Cedric Paquette in neutral zone.
15:13 of 3rd period - Icing by Yannick Weber.
15:14 of 3rd period - Landon Ferraro wins face-off versus Andrew Joudrey in Wolves zone.
15:37 of 3rd period - Snap shot by Dane Byers.
15:37 of 3rd period - Stopped by Farm Player80 with a rebound.
15:39 of 3rd period - Slapshot by Yann Sauve.
15:39 of 3rd period - Stopped by Farm Player80 with a rebound.
15:41 of 3rd period - Slapshot by Joel Broda.
15:41 of 3rd period - Shot Misses the Net.
15:43 of 3rd period - Slapshot by Corbin McPherson.
15:43 of 3rd period - Shot Misses the Net.
16:14 of 3rd period - Wrist shot by Ben Street.
16:14 of 3rd period - Stopped by Peter Mannino with a rebound.
16:16 of 3rd period - Slapshot by Farm Player17.
16:16 of 3rd period - Shot Blocked by Yann Sauve.
16:23 of 3rd period - Wrist shot by Ben Street.
16:23 of 3rd period - Stopped by Peter Mannino with a rebound.
16:25 of 3rd period - Snap shot by Brett Hextall.
16:25 of 3rd period - Shot Misses the Net.
16:27 of 3rd period - Backhand shot by Max Friberg.
16:27 of 3rd period - Shot Blocked by Christian Hanson.
16:29 of 3rd period - Slapshot by Ben Street.
16:29 of 3rd period - Stopped by Peter Mannino with a rebound.
16:31 of 3rd period - Wrist shot by Ben Street.
16:31 of 3rd period - Stopped by Peter Mannino without a rebound.
16:32 of 3rd period - Landon Ferraro wins face-off versus Raphael Bussieres in Wolves zone.
17:13 of 3rd period - Icing by Yannick Weber.
17:14 of 3rd period - Cedric Paquette wins face-off versus Ben Street in Wolves zone.
17:36 of 3rd period - Major / Game Misconduct Penalty to Cedric Paquette for Spearing.
17:36 of 3rd period - Cedric Paquette is ejected from game.
17:37 of 3rd period - Chris Terry wins face-off versus Andrew Joudrey in Wolves zone.
18:21 of 3rd period - Chris Terry is hit by Max Friberg and loses puck.
18:42 of 3rd period - Wrist shot by Paul Bissonnette.
18:42 of 3rd period - Deflect By Andrew Joudrey.
18:42 of 3rd period - Stopped by Peter Mannino without a rebound.
18:43 of 3rd period - Chris Terry wins face-off versus Andrew Joudrey in Wolves zone.
18:52 of 3rd period - Yannick Weber is hit by Farm Player27 and loses puck.
19:14 of 3rd period - Snap shot by Ben Street.
19:14 of 3rd period - Stopped by Peter Mannino with a rebound.
19:16 of 3rd period - Slapshot by Farm Player13.
19:16 of 3rd period - Shot Misses the Net.
19:36 of 3rd period - Snap shot by Paul Bissonnette.
19:36 of 3rd period - Shot Misses the Net.
19:38 of 3rd period - Wrist shot by Andrew Joudrey.
19:38 of 3rd period - Shot Blocked by Chris Terry.
19:53 of 3rd period - Off-side.
19:54 of 3rd period - Ben Street wins face-off versus Farm Player1 in neutral zone.
Goals for this period are 0 for Monsters vs 0 for Wolves.
Shots for this period are 9 for Monsters vs 11 for Wolves.


Output by the SimonT Hockey Simulator (STHS) for Eric Dolegowski -- Original Page W3C XHTML 1.0 Valid
Hockey Simulator - Hockey Simulation - Hockey Manager